Selects Airborne Battlegroup
Selects Heavy Machine Gun Paradrop
Heavy Machine Gun Paradrop
Heavy Machine Gun Paradrop
Mechanized Support Center
Construct Weapon Support Center
Construct Medical Station
M3 Armored Personnel Carrier
Designate Forward Repair Station
M3 Armored Personnel Carrier
Heavy Machine Gun Paradrop
M3 Armored Personnel Carrier
Selects Paratrooper Squad Paradrop
Paratrooper Squad Paradrop
Paratrooper Squad Paradrop
Paratrooper Squad Paradrop